 Dungeon Crawl Stone Soup version 0.16-a0-4004-g8d6611c (console) character file.

2175 Monkaria the Thaumaturge (level 9, -18/67 HPs)
             Began as a Purple Draconian Ice Elementalist on Feb 15, 2015.
             Was an Elder of Makhleb.
             Demolished by an ogre
             ... wielding a +0 giant club
              (24 damage)
             ... on level 7 of the Dungeon.
             The game lasted 00:33:45 (6372 turns).

Monkaria the Thaumaturge (DrIE)                     Turns: 6372, Time: 00:33:45

Health: -18/67     AC:  7    Str: 12    XL:     9   Next: 11%
Magic:  25/25      EV: 12    Int: 17    God:    Makhleb [****..]
Gold:   590        SH:  0    Dex: 12    Spells: 6 memorised, 6 levels left

rFire  x . .     SeeInvis .     E - +1 mace (holy)
rCold  + . .     Clarity  .     (armour unavailable)
rNeg   . . .     SustAb   .     (no shield)
rPois  .         Gourm    .     (helmet restricted)
rElec  .         Spirit   .     (no cloak)
rCorr  .         Warding  .     (no gloves)
rMut   .         Stasis   .     (no boots)
MR     +....                    (no amulet)
Stlth  ++........               t - ring of ice (curse)
                                l - ring of wizardry (curse)

@: flying, somewhat resistant to hostile enchantments, unstealthy
A: breathe power, unfitting armour, cold-blooded, AC +7
a: Breathe Dispelling Energy, Minor Destruction, Lesser Servant of Makhleb,
Major Destruction, Renounce Religion


You were on level 7 of the Dungeon.
You worshipped Makhleb.
Makhleb was greatly pleased with you.
You were not hungry.

You visited 2 branches of the dungeon, and saw 8 of its levels.
You also visited: Sewer and Ossuary.

You collected 590 gold pieces.

Inventory:

Hand weapons
 h - a +0 hand crossbow
 w - a +0 blowgun
 E - a +1 mace of holy wrath (weapon)
 N - a +1 rapier of venom
 P - a +0 hand axe of flaming
Missiles
 g - 8 tomahawks (quivered)
 s - 5 needles of sleeping
 v - 20 poisoned needles
 y - 4 silver bolts
 A - 17 poisoned bolts
Armour
 C - a cursed +0 buckler
Rods
 F - a +0 rod of inaccuracy (5/10)
   (You found it on level 4 of the Dungeon)
Jewellery
 d - a cursed amulet of stasis
 e - an uncursed ring of protection from magic
 l - a cursed ring of wizardry (left hand)
 t - a cursed ring of ice (right hand)
 u - a cursed ring of protection from fire
 x - a cursed +4 ring of dexterity
 L - an uncursed amulet of resist corrosion {unknown}
Magical devices
 m - a wand of invisibility (3)
 T - a wand of cold (9)
Scrolls
 j - 2 scrolls of fear
 q - 6 scrolls of remove curse
 r - 3 scrolls of enchant weapon
 D - a scroll of immolation
 M - a scroll of magic mapping
 R - a scroll of amnesia
 S - a scroll of identify
Potions
 a - 2 potions of might
 i - a potion of resistance
 k - 2 potions of heal wounds
 n - 2 potions of restore abilities
 p - 2 potions of flight
 B - 2 potions of lignification {unknown}
 H - a potion of haste {unknown}
 I - a potion of brilliance {unknown}
 J - 3 potions of berserk rage {unknown}
 K - 2 potions of ambrosia {unknown}
Books
 b - a book of Frost

   Spells                             Type                      Level
   a - Freeze                         Ice                          1
   b - Throw Frost                    Conjuration/Ice              2
   c - Ozocubu's Armour               Charms/Ice                   3
   d - Throw Icicle                   Conjuration/Ice              4
   e - Summon Ice Beast               Ice/Summoning                4
   f - Condensation Shield            Ice                          4
Comestibles
 c - 6 bread rations
 f - 4 meat rations
 G - 2 slices of pizza
 O - 7 chunks of flesh
 Q - 2 fruits


   Skills:
 - Level 2.0 Fighting
 - Level 4.3 Maces & Flails
 - Level 1.7 Dodging
 - Level 1.7 Stealth
 - Level 8.0 Spellcasting
 - Level 1.0 Conjurations
 + Level 7.1 Ice Magic
 - Level 4.0 Invocations
 - Level 4.2 Evocations


You had 6 spell levels left.
You knew the following spells:

 Your Spells              Type           Power        Failure   Level  Hunger
a - Freeze                Ice            ####         1%          1    None
b - Throw Frost           Conj/Ice       ####..       1%          2    None
c - Ozocubu's Armour      Chrm/Ice       ####....     4%          3    #......
d - Condensation Shield   Ice            #####.....   3%          4    ###....
e - Throw Icicle          Conj/Ice       ####....     9%          4    ###....
f - Summon Ice Beast      Ice/Summ       ####....     10%         4    ###....


Dungeon Overview and Level Annotations

Branches:
Dungeon (7/15)             Temple (1/1) D:4

Altars:
Ashenzari
Dithmenos
Elyvilon
Fedhas
Gozag
Kikubaaqudgha
Makhleb
Qazlal
Ru
Sif Muna
Trog
Vehumet
Xom
Yredelemnul
Zin

Annotations:
D:7 Joseph


Innate Abilities, Weirdness & Mutations

You can breathe bolts of energy.
You can dispel enchantments when you breathe energy.
Your rich purple scales are hard (AC +7).
Your body does not fit into most forms of armour.
Your cold-blooded metabolism reacts poorly to cold.


Message History

That liquid tasted very nasty...
You are poisoned.
You feel sick.
Drink which item? (? for menu, Esc to quit)
You feel better. The ogre misses you.
An orc comes into view. It is wielding a dagger.
Drink which item? (? for menu, Esc to quit)
Okay, then.
The orc warrior hits you from afar with a halberd!
Joseph shoots a sling bullet.
The sling bullet misses you.
You see here a sling bullet.
Joseph says, "You will never get the ORB, sorry."
You see here a giant gecko corpse.
Joseph shoots a sling bullet.
The sling bullet hits you!!
* * * LOW HITPOINT WARNING * * *
The sling bullet freezes you.
* * * LOW HITPOINT WARNING * * *
There is a stone staircase leading up, spattered with blood here.
You see here a sling bullet.
The ogre hits you with a giant club!!
You die...

.##...........###....
...#.........>..#.....
.....##.....##..#....
#.....@.†@.........
##...#.####....###..
#......# ####...##.
#...o.## #...###
#..O.## ##### #..@.#
#..÷.# #....# ######


You could see Joseph, an orc warrior and an ogre.

Vanquished Creatures
  A hippogriff (D:6)
  A sky beast (D:5)
  A crocodile (Sewer)
  An ogre (D:4)
  3 phantoms
  2 centaurs (D:6)
  Duvessa (D:6)
  A giant frog (D:6)
  A scorpion (D:5)
  The ghost of miro the Skirmisher, a weakling GrFi (D:5)
  A crimson imp (D:3)
  A hound (D:6)
  A giant frog zombie (D:5)
  A gnoll shaman (D:7)
  An iguana (D:5)
  A centaur skeleton (D:4)
  7 orc priests
  4 worker ants
  4 orc wizards
  A hound skeleton (D:5)
  A mummy (Ossuary)
  A worker ant zombie (D:5)
  14 adders
  8 gnolls
  A shadow imp (D:5)
  5 worms
  10 giant geckos
  2 oozes
  16 orcs
  11 bats
  A bat skeleton (D:7)
  12 giant cockroaches
  A gnoll zombie (Ossuary)
  6 hobgoblins
  2 jackals (Sewer)
  5 quokkas
  A giant gecko zombie (D:5)
  5 giant newts
  7 goblins
  14 kobolds
  7 rats
  2 ballistomycetes (D:6)
167 creatures vanquished.

Vanquished Creatures (collateral kills)
  The ghost of Econoterrorist the Ruffian, an average NaTm of Cheibriados (Ossuary)
  Dowan (D:6)
  A big kobold zombie (Ossuary)
  7 mummies (Ossuary)
  2 gnoll zombies (Ossuary)
  2 hobgoblin zombies (Ossuary)
  2 orc zombies (Ossuary)
16 creatures vanquished.

Vanquished Creatures (others)
  An ice beast (D:6)
  An orc wizard (D:5)
  A giant spore (D:6)
3 creatures vanquished.

Grand Total: 186 creatures vanquished

Notes
Turn   | Place    | Note
--------------------------------------------------------------
     0 | D:1      | Monkaria, the Draconian Ice Elementalist, began the quest for the Orb.
     0 | D:1      | Reached XP level 1. HP: 14/14 MP: 3/3
    64 | D:1      | Reached skill level 1 in Fighting
   199 | D:1      | Reached XP level 2. HP: 16/24 MP: 4/4
   702 | D:2      | Learned a level 2 spell: Throw Frost
   768 | D:2      | Reached XP level 3. HP: 27/29 MP: 2/6
  1303 | D:2      | Reached XP level 4. HP: 36/36 MP: 5/10
  1471 | D:3      | Reached skill level 4 in Spellcasting
  1678 | D:3      | Found a burning altar of Makhleb.
  1679 | D:3      | Found a shimmering altar of Xom.
  1713 | D:3      | Became a worshipper of Makhleb the Destroyer
  1761 | D:3      | Reached XP level 5. HP: 34/41 MP: 5/14
  1811 | D:3      | Reached skill level 5 in Spellcasting
  1821 | D:3      | HP: 2/41 [orc/flail (10)]
  1947 | D:3      | Acquired Makhleb's first power
  1947 | D:3      | Reached XP level 6. HP: 48/48 MP: 9/18
  1985 | D:3      | Found a glowing drain.
  1990 | Sewer    | Entered a sewer
  2136 | Sewer    | Learned a level 3 spell: Ozocubu's Armour
  2141 | Sewer    | Learned a level 4 spell: Condensation Shield
  2146 | Sewer    | Learned a level 4 spell: Throw Icicle
  2663 | D:4      | Acquired Makhleb's second power
  2748 | D:4      | Found a staircase to the Ecumenical Temple.
  2763 | D:4      | Reached skill level 5 in Ice Magic
  2763 | D:4      | Your scales start taking on a rich purple colour.
  2763 | D:4      | Reached skill level 6 in Spellcasting
  2763 | D:4      | Reached XP level 7. HP: 45/55 MP: 16/21
  2829 | Temple   | Entered the Ecumenical Temple
  3083 | D:4      | Identified a +0 rod of inaccuracy (10/10) (You found it on level 4 of the Dungeon)
  3347 | D:4      | Reached skill level 7 in Spellcasting
  3482 | D:4      | Acquired Makhleb's third power
  3560 | D:5      | Entered Level 5 of the Dungeon
  3586 | D:5      | Reached skill level 1 in Invocations
  3640 | D:5      | Reached XP level 8. HP: 61/61 MP: 18/23
  3687 | D:5      | Noticed miro's ghost (weakling GrFi)
  3695 | D:5      | Killed miro's ghost
  3715 | D:5      | Found a sand-covered staircase.
  3726 | Ossuary  | Entered an ossuary
  3732 | Ossuary  | Learned a level 4 spell: Summon Ice Beast
  3771 | Ossuary  | Reached skill level 1 in Maces & Flails
  3848 | Ossuary  | Noticed Econoterrorist's ghost (average NaTm)
  3859 | Ossuary  | Killed Econoterrorist's ghost
  4076 | D:5      | Acquired Makhleb's fourth power
  4426 | D:5      | Reached skill level 1 in Evocations
  5432 | D:6      | Noticed Dowan
  5445 | D:6      | Noticed Duvessa
  5448 | D:6      | Killed Dowan
  5723 | D:6      | Reached skill level 8 in Spellcasting
  5954 | D:6      | Killed Duvessa
  6180 | D:6      | Reached XP level 9. HP: 43/67 MP: 18/25
  6262 | D:7      | Found a deep blue altar of Sif Muna.
  6335 | D:7      | Noticed Joseph
  6372 | D:7      | Demolished by an ogre

Action                   |  1- 3 |  4- 6 |  7- 9 || total
-------------------------+-------+-------+-------++-------
Melee: Unarmed           |    12 |       |       ||    12
       Short sword       |    25 |    35 |       ||    60
       Mace              |       |       |    82 ||    82
 Fire: Blowgun           |       |    14 |     4 ||    18
 Cast: Freeze            |    59 |    90 |   151 ||   300
       Ozocubu's Armour  |       |     1 |     6 ||     7
       Summon Ice Beast  |       |       |     7 ||     7
       Condensation Shie |       |       |     5 ||     5
       Throw Icicle      |       |       |     2 ||     2
 Abil: Breathe Dispellin |       |       |     3 ||     3
Evoke: Rod               |       |       |    14 ||    14
  Use: Scroll            |       |     7 |     6 ||    13
       Potion            |       |     2 |    10 ||    12
 Stab: Sleeping          |       |     1 |       ||     1
  Eat: Chunk             |     2 |     4 |    14 ||    20
       Fruit             |       |       |     1 ||     1
       Beef jerky        |       |       |     1 ||     1
